 Dungeon Crawl Stone Soup version 0.30-a0-672-gc3a7216ad8 (webtiles) character file.

Game seed: 1086797615484887580

282 Darius099 the Trooper (level 6, -4/39 HPs)
             Began as a Gargoyle Fighter on Jan 19, 2023.
             Slain by Grinder (6 damage)
             ... on level 3 of the Dungeon.
             The game lasted 00:03:18 (1896 turns).

Darius099 the Trooper (Gargoyle Fighter)            Turns: 1896, Time: 00:03:19

Health: -4/39      AC: 12    Str: 20    XL:     6   Next: 28%
Magic:  6/6        EV:  9    Int:  8    God:
Gold:   165        SH:  5    Dex: 11    Spells: 5/5 levels left

rFire   . . .      SeeInvis .    a - +0 flail
rCold   . . .      Faith    .    c - +0 buckler
rNeg    + . .      Spirit   .    b - +0 scale mail
rPois   ∞          Reflect  .    (no helmet)
rElec   +          Harm     .    (no cloak)
rCorr   .          Rampage  .    n - +0 pair of gloves
Will    .....                    (no boots) Stlth
                                 (no amulet)
HPRegen 0.26/turn                (no ring)
MPRegen 0.10/turn                (no ring)

@: slowed, very slow
A: sickness immunity, AC +4, negative energy resistance 1, electricity
resistance, torment resistance 1, petrification resistance
a: no special abilities


You were on level 3 of the Dungeon.
You visited 1 branch of the dungeon, and saw 3 of its levels.

You collected 165 gold pieces.

Inventory:

Hand Weapons
 a - a +0 flail (weapon)
Missiles
 o - 6 curare-tipped darts (quivered)
Armour
 b - a +0 scale mail (worn)
 c - a +0 buckler (worn)
 n - a +0 pair of gloves (worn)
Scrolls
 e - a scroll of enchant armour {unknown}
 h - a scroll of summoning {unknown}
 k - 4 scrolls of amnesia {unknown}
 l - a scroll of teleportation {unknown}
 m - a scroll of identify {unknown}
Potions
 d - 3 potions of might
 f - a potion of attraction {unknown}
 g - a potion of brilliance {unknown}
 i - 2 potions of heal wounds {unknown}
 j - a potion of mutation {unknown}
 p - a potion of curing {unknown}


   Skills:
 + Level 4.7 Fighting
 + Level 3.5 Maces & Flails
 + Level 4.6 Armour
 + Level 4.6 Shields


You had 5 spell levels left.
You didn't know any spells.
Your spell library was empty.

Dungeon Overview and Level Annotations

Branches:
Dungeon (3/15)

Altars:

Annotations:
D:3 Grinder


Innate Abilities, Weirdness & Mutations

You are immune to sickness and miasma.
Your stone body is resilient. (AC +4)
You are immune to poison.
You resist negative energy. (rN+)
You are resistant to electric shocks. (rElec)
You are resistant to unholy torment.
You are immune to petrification.


Message History

Natasha claws you!
You can move again.
Unknown command.
You hit Natasha but do no damage.
Natasha is severely wounded.
The shadow imp barely misses you. You block Natasha's attack.
The shadow imp hits you but does no damage.
Natasha claws you but does no damage.
You thump Natasha!
You kill Natasha!
Natasha screams in pain as she dies!
The shadow imp disappears in a puff of smoke!
Grinder gestures at you. Pain shoots through your body!
You closely miss Grinder.
Grinder is heavily wounded.
Grinder barely misses you. Grinder hits you!
You writhe in agony.
You hit Grinder.
Grinder is heavily wounded.
Grinder gestures at you.
You suddenly lose the ability to move!
Grinder hits you.
You writhe in agony.
Grinder hits you!
* * * LOW HITPOINT WARNING * * *
You writhe in agony.
* * * LOW HITPOINT WARNING * * *
Grinder hits you.
* * * LOW HITPOINT WARNING * * *
You can move again.
You hit Grinder but do no damage.
Grinder is heavily wounded.
Grinder gestures at you.
You barely resist. Grinder barely misses you.
You hit Grinder but do no damage.
Grinder is heavily wounded.
Grinder hits you but does no damage. Grinder hits you.
* * * LOW HITPOINT WARNING * * *
You thump Grinder!
Grinder is severely wounded.
Grinder barely misses you. Grinder hits you.
You die...

##.....# #.#
......## #.#
####.## #.# #.#
#.# #.# #.# ##'##
#.## ##...## #<.##
##.(...## #...#
#.......# #.#@##
.........# #...5#
.........+.......#
.........####....#
#.......## #......
##.....## #.#.#.#
##...## #.#.#.#
#+## # #.#..


You could see Grinder.

Vanquished Creatures
  Sigmund (D:3)
  Natasha (D:3)
  4 gnolls
  2 adders
  A dart slug (D:2)
  5 endoplasms
  4 giant cockroaches
  2 goblins
  4 hobgoblins
  3 kobolds
  4 ball pythons
  5 bats
  2 frilled lizards (D:1)
  7 rats
45 creatures vanquished.

Notes
Turn   | Place    | Note
-------+----------+-------------------------------------------
     0 | D:1      | Darius099 the Gargoyle Fighter began the quest for the Orb.
     0 | D:1      | Reached XP level 1. HP: 14/14 MP: 1/1
    14 | D:1      | Found a faded altar of an unknown god.
   131 | D:1      | Reached XP level 2. HP: 14/19 MP: 2/2
   315 | D:1      | Reached XP level 3. HP: 23/23 MP: 3/3
   875 | D:2      | Reached XP level 4. HP: 24/29 MP: 4/4
  1627 | D:3      | Noticed Sigmund
  1639 | D:3      | Killed Sigmund
  1640 | D:3      | Reached XP level 5. HP: 17/34 MP: 5/5
  1640 | D:3      | Reached XP level 6. HP: 19/39 MP: 6/6
  1873 | D:3      | Noticed Grinder
  1873 | D:3      | Noticed Natasha
  1884 | D:3      | Paralysed by Grinder for 4 turns
  1889 | D:3      | Killed Natasha
  1891 | D:3      | Paralysed by Grinder for 3 turns
  1895 | D:3      | HP: 1/39 [Grinder (3)]
  1896 | D:3      | Slain by Grinder

Illustrated notes

Levels and vault maps discovered:
D:1:      pf_arrival_petrified_forest, layout_rooms,
          hellmonk_ecumenical_altar_prayer_group
D:2:      layout_loops_ring, serial_co_window_serial, co_window_paths_a,
          co_window_corner_a, co_window_corner_a, co_window_paths_a,
          co_window_paths_b, co_window_of_opportunity_b, co_window_corner_cb,
          co_window_broadway_a, co_window_2corner, co_window_2corner,
          co_window_sun, glass_columns_b, glass_columns_b, glass_columns_a
D:3:      layout_loops_corners, nicolae_overflow_hallway_of_the_gods,
          uniq_sigmund, uniq_natasha, uniq_grinder

Skill      XL: |  1  2  3  4 |
---------------+-------------+-----
Fighting       | 4 |  4.7
Shields        | 4 |  4.6
Maces & Flails | 3 |  3.5
Armour         | 4 |  4.6

Action                   |  1- 3 |  4- 6 || total
-------------------------+-------+-------++-------
Melee: Flail             |    85 |    62 ||   147
Armor: Scale mail        |    48 |    37 ||    85
Dodge: Dodged            |    50 |    23 ||    73
Block: Buckler           |    23 |    14 ||    37

Table legend: (Time is in decaauts)
 A = Elapsed time spent in this place.
 B = Non-inter-level travel time spent in this place.
 C = Inter-level travel time spent in this place.
 D = Time resting spent in this place.
 E = Time spent auto-exploring this place.
 F = Levels seen in this place.
 G = Mean time per level.
                   A        B        C        D        E       F      G
               +--------+--------+--------+--------+--------+-----+--------+
         Total |   1951 |   1901 |     50 |     71 |   1442 |   3 |  650.3 |
       Dungeon |   1951 |   1901 |     50 |     71 |   1442 |   3 |  650.3 |
               +--------+--------+--------+--------+--------+-----+--------+

Top non-repeatable levels by time:
     D:2: 1015 daAuts
     D:1: 559 daAuts
     D:3: 376 daAuts
